 Dungeon Crawl Stone Soup version 0.14-a0-155-gd989017 (webtiles) character file.

2369 PolkaDot the Grappler (level 9, -6/85 HPs)
             Began as a Troll Death Knight on Oct 4, 2013.
             Was an Elder of Yredelemnul.
             Mangled by a killer bee (7 damage)
             ... on Level 8 of the Dungeon.
             The game lasted 00:24:17 (5652 turns).

PolkaDot the Grappler (Troll Death Knight)          Turns: 5652, Time: 00:24:17

HP  -6/85        AC  6     Str 29      XL: 9   Next:  9%
MP   8/8         EV  9     Int 12      God: Yredelemnul [****..]
Gold 238         SH  0     Dex 11      Spells:  0 memorised,  8 levels left

Res.Fire  : . . .   See Invis. : .     - Unarmed
Res.Cold  : + + .   Warding    : .   y - +1 orc robe {MR+}
Life Prot.: . . .   Conserve   : +   (shield restricted)
Res.Poison: +       Res.Corr.  : .   (helmet restricted)
Res.Elec. : +       Clarity    : .   (no cloak)
Sust.Abil.: + .     Spirit.Shd : .   (gloves unavailable)
Res.Mut.  : .       Stasis     : .   (boots unavailable)
Res.Rott. : .       Flight     : .   g - amulet of conservation
Gourmand  : +                        r - ring of ice
                                     E - ring of sustain abilities

@: mighty, brilliant, very slightly contaminated, somewhat resistant to hostile
enchantments, unstealthy
A: unfitting armour, claws 3, fast metabolism 3, gourmand, regeneration 2,
saprovore 2, tough skin 2, AC +1
a: Animate Dead, Recall Undead Slaves, Injury Mirror, Drain Life, Renounce
Religion


You were on level 8 of the Dungeon.
You worshipped Yredelemnul.
Yredelemnul was greatly pleased with you.
You were completely stuffed.

You visited 1 branch of the dungeon, and saw 8 of its levels.
You also visited: Sewer.

You collected 218 gold pieces.

Inventory:

Armour
 y - a +1 orcish robe of magic resistance (worn)
Magical devices
 j - a wand of fire (10) {unknown}
 q - a wand of enslavement (24)
 M - a wand of flame (11) {unknown}
Comestibles
 a - 5 meat rations
 s - 5 bread rations
 z - 3 apples
 I - 6 grapes
 J - 6 sultanas
Scrolls
 b - a scroll of enchant weapon II {unknown}
 d - a scroll of amnesia
 e - a scroll of recharging
 h - 2 scrolls of magic mapping
 k - 2 scrolls of teleportation
 m - a scroll of fog
 n - a scroll of random uselessness
 o - 2 scrolls of remove curse {unknown}
 B - a scroll of blinking
 C - 2 scrolls of enchant armour {unknown}
 F - 2 scrolls of identify
 H - 2 scrolls of curse armour {unknown}
Jewellery
 g - an amulet of conservation (around neck)
 i - an uncursed ring of wizardry
 r - a ring of ice (right claw)
 u - an uncursed amulet of stasis
 E - a ring of sustain abilities (left claw)
Potions
 c - a potion of agility
 f - a potion of restore abilities
 w - 3 potions of speed {unknown}
 D - a potion of paralysis
 G - a potion of poison


   Skills:
 + Level 5.8 Fighting
 - Level 1.2 Dodging
 * Level 10.0 Unarmed Combat
 - Level 2.6 Invocations


You had 8 spell levels left.
You didn't know any spells.

Dungeon Overview and Level Annotations

Branches:
Dungeon (8/27)             Temple (0/1) D:6
    Orc: D:6-11        Lair: D:8-13

Altars:
Cheibriados
Vehumet
Xom

Shops:
D:6 /


Innate Abilities, Weirdness & Mutations

You are too large for most types of armour.
You have claws for hands.
Your metabolism is lightning-fast.
You like to eat raw meat.
You heal very quickly.
You can eat rotten meat.
You are covered in fur (AC +1).
You have very tough skin (AC +2).


Message History

Your flying skull barely misses the killer bee.
The killer bee barely misses you.
Your flying skull completely misses the killer bee.
The killer bee stings your flying skull!
Your killer bee zombie barely misses the killer bee.
The killer bee stings you.
* * * LOW HITPOINT WARNING * * *
Your flying skull hits the killer bee!
Drink which item? (? for menu, Esc to quit)
It has a very clean taste.
It was a potion of cure mutation.
The killer bee stings you!
* * * LOW HITPOINT WARNING * * *
The killer bee barely misses your flying skull.
Your flying skull completely misses the killer bee.
The killer bee stings you.
* * * LOW HITPOINT WARNING * * *
Your killer bee zombie misses the killer bee.
The killer bee stings you!
You die...
Your body rises from the dead as a mindless zombie.

...############.....
.....................
......................
#.............###....
#.............# #z...
#.............###.[..
#...................Z
...##....................
.......z@z...............
......kkkz...............
......k#######...######.
....... ... #. .###...
...######. #...
.........( #...
........... #...
##........ . #...###..


You could see 4 killer bees, 2 friendly flying skulls and a friendly killer bee
zombie.

Vanquished Creatures
  A hungry ghost (D:7)
  2 ice beasts
  2 ogres
  3 centaurs
  A water moccasin (D:8)
  Blork the orc (D:4)
  A giant frog (D:7)
  A killer bee (D:8)
  2 crimson imps (D:7)
  2 goliath beetles
  A giant frog skeleton (D:4)
  2 jellies
  2 orc wizards
  3 orc priests
  A hound (D:5)
  A scorpion (D:5)
  3 worker ants
  A hound zombie (D:5)
  A hound skeleton (D:6)
  2 gnolls (D:4)
  9 adders
  3 giant mites
  2 worms
  A giant eyeball (D:5)
  4 giant geckos
  An ooze (D:6)
  14 orcs
  6 bats
  4 giant cockroaches
  12 hobgoblins
  12 jackals
  12 kobolds
  4 ball pythons
  A giant gecko skeleton (D:5)
  10 giant newts
  4 goblins
  A kobold zombie (D:5)
  An orc skeleton (D:4)
  2 quokkas
  11 rats
  A rat skeleton (D:4)
  4 plants
152 creatures vanquished.

Vanquished Creatures (collateral kills)
  A cyclops (D:8)
  A hippogriff (D:7)
  A centaur (D:7)
  2 killer bees (D:8)
  A jelly (D:8)
  A scorpion (D:7)
  A sky beast zombie (D:5)
  An ogre skeleton (D:7)
  A gnoll (D:4)
  2 orcs (D:6)
  A ball python (Sewer)
  A hobgoblin (D:6)
  A jackal skeleton (D:4)
  2 kobolds (Sewer)
17 creatures vanquished.

Vanquished Creatures (others)
  A flying skull (D:8)
  A water moccasin zombie (D:8)
  A scorpion zombie (D:5)
  A hobgoblin (D:8)
  2 giant newt zombies (Sewer)
  A kobold zombie (D:8)
  2 orc zombies
9 creatures vanquished.

Grand Total: 178 creatures vanquished

Notes
Turn   | Place    | Note
--------------------------------------------------------------
     0 | D:1      | PolkaDot, the Troll Death Knight, began the quest for the Orb.
     0 | D:1      | Reached XP level 1. HP: 20/20 MP: 2/2
   165 | D:1      | Reached XP level 2. HP: 28/28 MP: 2/2
  1163 | D:2      | Reached skill level 3 in Unarmed Combat
  1163 | D:2      | Reached XP level 3. HP: 31/35 MP: 4/4
  1703 | D:3      | Acquired Yredelemnul's second power
  1776 | D:3      | Found a snail-covered altar of Cheibriados.
  1784 | D:3      | Reached XP level 4. HP: 44/44 MP: 4/4
  1802 | D:3      | Reached skill level 4 in Unarmed Combat
  2211 | D:4      | Reached XP level 5. HP: 31/50 MP: 3/5
  2303 | D:4      | Found a glowing drain.
  2323 | Sewer    | Entered a sewer
  2430 | Sewer    | Reached skill level 5 in Unarmed Combat
  3176 | D:4      | Noticed Blork the orc
  3193 | D:4      | Killed Blork the orc
  3193 | D:4      | Reached XP level 6. HP: 29/59 MP: 6/6
  3454 | D:5      | Entered Level 5 of the Dungeon
  3486 | D:5      | Acquired Yredelemnul's third power
  3597 | D:5      | Reached skill level 6 in Unarmed Combat
  3598 | D:5      | Reached XP level 7. HP: 46/67 MP: 7/7
  3779 | D:5      | Reached skill level 7 in Unarmed Combat
  4290 | D:6      | Found Uleifuce's Magical Wand Emporium.
  4299 | D:6      | Received a gift from Yredelemnul
  4514 | D:6      | Reached XP level 8. HP: 60/76 MP: 7/7
  4523 | D:6      | Found a staircase to the Ecumenical Temple.
  4789 | D:7      | Reached skill level 8 in Unarmed Combat
  4933 | D:7      | Reached skill level 5 in Fighting
  4940 | D:7      | Found a radiant altar of Vehumet.
  4952 | D:7      | Reached skill level 9 in Unarmed Combat
  5465 | D:8      | Acquired Yredelemnul's fourth power
  5516 | D:8      | Found a shimmering altar of Xom.
  5590 | D:8      | Found a shimmering altar of Xom.
  5591 | D:8      | Found a shimmering altar of Xom.
  5602 | D:8      | Noticed a cyclops
  5614 | D:8      | Killed a cyclops
  5614 | D:8      | Reached skill level 10 in Unarmed Combat
  5614 | D:8      | Reached XP level 9. HP: 23/85 MP: 8/8
  5648 | D:8      | Paralysed by a potion of paralysis for 3 turns
  5652 | D:8      | HP: 4/85 [killer bee (10)]
  5652 | D:8      | HP: 1/85 [killer bee (3)]
  5652 | D:8      | Mangled by a killer bee

Action                   |  1- 3 |  4- 6 |  7- 9 || total
-------------------------+-------+-------+-------++-------
Melee: Unarmed           |   125 |   230 |   179 ||   534
Invok: Animate Remains   |       |    15 |       ||    15
       Recall Undead Sla |       |     1 |     1 ||     2
       Animate Dead      |       |       |    12 ||    12
  Use: Potion            |       |     4 |    11 ||    15
       Scroll            |       |       |    14 ||    14
 Stab: Distracted        |     1 |     1 |       ||     2
